 Dungeon Crawl Stone Soup version 0.26-a0-639-g72c4674329 (webtiles) character file.

Game seed: 9754211584413381356

1658 DogServant the Cleaver (level 8, 71/78 HPs)
             Began as a Minotaur Berserker on Sept 20, 2020.
             Was an Elder of Trog.
             Quit the game on level 6 of the Dungeon.
             The game lasted 00:06:04 (5944 turns).

DogServant the Cleaver (Minotaur Berserker)         Turns: 5944, Time: 00:06:04

Health: 71/78      AC:  7    Str: 23    XL:     8   Next: 68%
Magic:  7/7        EV: 11    Int:  4    God:    Trog [****..]
Gold:   260        SH:  0    Dex: 11    Spells: 7/7 levels left

rFire    . . .     SeeInvis .   u - +2 battleaxe
rCold    . . .     Faith    .   (shield currently unavailable)
rNeg     . . .     Spirit   .   c - +0 ring mail
rPois    .         Reflect  .   (helmet restricted)
rElec    .         Harm     .   (no cloak)
rCorr    .         Rampage  .   y - +0 pair of gloves
MR       .....                  (no boots)
Stlth    ++........             o - amulet of regeneration
HPRegen  0.63/turn              l - ring of stealth
MPRegen  0.10/turn              (no ring)

@: no status effects
A: retaliatory headbutt, horns 2
a: Berserk, Trog's Hand, Brothers in Arms, Renounce Religion


You were on level 6 of the Dungeon.
You worshipped Trog.
Trog was greatly pleased with you.
You visited 1 branch of the dungeon, and saw 6 of its levels.

You collected 260 gold pieces.

Inventory:

Hand Weapons
 a - a +0 hand axe
 u - a +2 battleaxe (weapon)
Armour
 b - a +0 animal skin
 c - a +0 ring mail (worn)
 y - a +0 pair of gloves (worn)
Jewellery
 l - a ring of stealth (left hand)
 o - an amulet of regeneration (around neck)
 v - an uncursed ring of wizardry {unknown}
 w - a +4 ring of evasion {unknown}
 x - an uncursed ring of flight {unknown}
 z - an uncursed ring of stealth
 B - an uncursed amulet of guardian spirit
Scrolls
 d - 2 scrolls of amnesia {unknown}
 g - a scroll of blinking {unknown}
 i - 5 scrolls of identify {unknown}
 k - 3 scrolls of magic mapping {unknown}
 m - 3 scrolls of enchant armour {unknown}
 p - a scroll of fog {unknown}
 q - 9 scrolls of remove curse {unknown}
 A - a scroll of teleportation {unknown}
 C - a scroll of enchant weapon {unknown}
Potions
 e - 3 potions of degeneration {unknown}
 f - 2 potions of flight {unknown}
 h - a potion of lignification {unknown}
 j - a potion of magic {unknown}
 n - 3 potions of curing {unknown}
 r - 2 potions of haste {unknown}
 s - 2 potions of invisibility {unknown}
 t - a potion of heal wounds {unknown}
 D - a potion of stabbing {unknown}


   Skills:
 + Level 9.3 Fighting
 + Level 9.3 Axes
 + Level 6.0 Armour
 - Level 2.1 Dodging


You had 7 spell levels left.
You didn't know any spells.
Your spell library was empty.

Dungeon Overview and Level Annotations

Branches:
Dungeon (6/15)
 Temple: D:4-7

Altars:
Elyvilon
Nemelex Xobeh


Innate Abilities, Weirdness & Mutations

You reflexively headbutt those who attack you in melee.
You have a pair of horns on your head.


Message History

The centaur barely misses you. You furiously retaliate!
You headbutt the centaur!
You kill the centaur!
Trog accepts your kill.
Your Armour skill increases to level 6!
No target in view!
No target in view!
No target in view!
i - 5 scrolls labeled WISECV DUGH (gained 1)
Things that are here:
a +0 shortbow; 9 arrows
D - a metallic emerald potion
Things that are here:
a +0 shortbow; 9 arrows You see here a short smoking staff.
Things that are here:
a +0 shortbow; 9 arrows Quiver which item? (- for none, * to show all) (? for menu, Esc to quit)
Okay, then.
Are you sure you want to abandon this character and quit the game? (Confirm with "yes".)

#...... ##
#####......
##§≈≈ §###
#..........
#≈≈.. .≈≈≈##
#.######### ≈...
...≈≈###.# ..#
...≈≈##.#
#.###..≈##.#
#...#..§≈#.#
#.#@#...§#.# ≈
#.|.#...≈#.#
≈..###(#....'.#
#≈≈....#(...≈###
##≈≈....(..≈≈#
##≈≈≈..(.§≈##
###≈≈≈≈≈≈##
########


There were no monsters in sight!

Vanquished Creatures
  2 orc warriors (D:6)
  A sky beast (D:6)
  2 centaurs
  An ogre (D:6)
  A scorpion (D:6)
  5 wights (D:4)
  A howler monkey (D:5)
  A centaur zombie (D:5)
  A hound (D:6)
  Crazy Yiuf (D:2)
  9 orc priests
  An iguana (D:5)
  Terence (D:3)
  A bullfrog skeleton (D:3)
  2 orc wizards (D:3)
  2 worker ants (D:5)
  3 adders
  A shadow imp (D:5)
  A white imp (D:5)
  An ufetubus (D:5)
  An ooze (D:3)
  8 worms
  3 dart slugs
  8 leopard geckos
  19 orcs
  4 ball pythons
  6 giant cockroaches
  10 goblins
  7 hobgoblins
  16 jackals
  A quokka (D:3)
  6 bats
  4 frilled lizards
  15 kobolds
  A leopard gecko skeleton (D:5)
  A quokka skeleton (D:4)
  7 rats
155 creatures vanquished.

Vanquished Creatures (others)
  A phantom (D:6)
1 creature vanquished.

Grand Total: 156 creatures vanquished

Notes
Turn   | Place    | Note
-------+----------+-------------------------------------------
     0 | D:1      | DogServant the Minotaur Berserker began the quest for the
                  | Orb.
     0 | D:1      | Reached XP level 1. HP: 19/19 MP: 0/0
   203 | D:1      | Reached XP level 2. HP: 27/27 MP: 1/1
   452 | D:1      | Reached XP level 3. HP: 33/34 MP: 2/2
   478 | D:1      | Reached ** piety under Trog
   802 | D:2      | Found a sparkling altar of Nemelex Xobeh.
  1022 | D:2      | Reached XP level 4. HP: 22/41 MP: 3/3
  1404 | D:2      | Reached skill level 5 in Fighting
  1404 | D:2      | Reached skill level 5 in Axes
  1801 | D:2      | Found a runed translucent door.
  1802 | D:2      | Noticed Crazy Yiuf
  2473 | D:2      | Killed Crazy Yiuf
  2617 | D:3      | Reached XP level 5. HP: 12/50 MP: 4/4
  2930 | D:3      | Found a white marble altar of Elyvilon.
  2969 | D:3      | Reached *** piety under Trog
  3281 | D:3      | Found a faded altar of an unknown god.
  3338 | D:3      | Reached XP level 6. HP: 57/57 MP: 5/5
  3516 | D:3      | Noticed Terence
  3523 | D:3      | Killed Terence
  3729 | D:4      | Reached XP level 7. HP: 55/66 MP: 6/6
  4488 | D:5      | Entered Level 5 of the Dungeon
  4891 | D:5      | Reached **** piety under Trog
  5497 | D:6      | Reached XP level 8. HP: 75/75 MP: 7/7
  5685 | D:6      | Reached skill level 5 in Armour
  5944 | D:6      | Quit the game

Illustrated notes

Levels and vault maps discovered:
D:1:      enne_arrival_octagon_isle, layout_basic
D:2:      layout_basic, lemuel_crystal_altar, uniq_crazy_yiuf_cottage
D:3:      layout_rooms, chequers_ecumenical_altar_island, elyvilon_altar_3,
          uniq_terence
D:4:      layout_basic, chequers_serial_rivers_small_3
D:5:      layout_basic
D:6:      layout_basic, kennysheep_potato

Skill      XL: |  1  2  3  4  5  6  7  8 |
---------------+-------------------------+-----
Fighting       | 4 5 6 7 8 9 |  9.3
Axes           | 4 5 6 7 8 9 |  9.3
Armour         | 4 6 |  6.0
Dodging        | |  2.1

Action                   |  1- 3 |  4- 6 |  7- 9 || total
-------------------------+-------+-------+-------++-------
Melee: Hand axe          |    72 |   133 |     7 ||   212
       Headbutt          |     4 |    19 |    19 ||    42
       Battleaxe         |       |       |    99 ||    99
Invok: Berserk           |       |     4 |     2 ||     6
 Stab: Sleeping          |       |       |     3 ||     3
Armor: Ring mail         |    29 |    48 |    32 ||   109
Dodge: Dodged            |    53 |    57 |    58 ||   168

Table legend: (Time is in decaauts)
 A = Elapsed time spent in this place.
 B = Non-inter-level travel time spent in this place.
 C = Inter-level travel time spent in this place.
 D = Time resting spent in this place.
 E = Time spent auto-exploring this place.
 F = Levels seen in this place.
 G = Mean time per level.
                   A        B        C        D        E       F      G
               +--------+--------+--------+--------+--------+-----+--------+
         Total |   6042 |   5861 |    181 |   1528 |   3550 |   6 | 1007.0 |
       Dungeon |   6042 |   5861 |    181 |   1528 |   3550 |   6 | 1007.0 |
               +--------+--------+--------+--------+--------+-----+--------+

Top non-repeatable levels by time:
     D:2: 2100 daAuts
     D:5: 1016 daAuts
     D:3: 1006 daAuts
     D:1: 785 daAuts
     D:4: 652 daAuts
     D:6: 482 daAuts
